 Dungeon Crawl Stone Soup version 0.18.1-5-g4a78601 (webtiles) character file.

16 dracos369 the Poker (level 2, -1/22 HPs)
             Began as a Merfolk Skald on May 13, 2016.
             Slain by a gnoll
             ... wielding a +0 flail
              (10 damage)
             ... on level 1 of the Dungeon.
             The game lasted 00:01:37 (636 turns).

dracos369 the Poker (Merfolk Skald)                  Turns: 636, Time: 00:01:38

Health: -1/22      AC:  3    Str: 12    XL:     2   Next: 54%
Magic:  0/5        EV: 12    Int: 11    God:
Gold:   60         SH:  0    Dex: 19    Spells: 2 memorised, 2 levels left

rFire  . . .     SeeInvis .     a - +0 spear
rCold  . . .     Gourm    .     b - +0 leather armour
rNeg   . . .     Faith    .     (no shield)
rPois  .         Spirit   .     (no helmet)
rElec  .         Dismiss  .     (no cloak)
rCorr  .         Reflect  .     (no gloves)
SustAt .         Harm     .     (no boots)
MR     .....                    (no amulet)
Stlth  +.........               (no ring)
                                o - +6 ring of dexterity

@: infused, not resistant to hostile enchantments, very unstealthy
A: change form in water, swift swim
a: no special abilities


You were on level 1 of the Dungeon.
You were not hungry.

You visited 1 branch of the dungeon, and saw 1 of its levels.

You collected 60 gold pieces.

Inventory:

Hand Weapons
 a - a +0 spear (weapon)
Armour
 b - a +0 leather armour (worn)
Jewellery
 o - a +6 ring of dexterity (left hand)
Scrolls
 e - a scroll of identify {unknown}
 g - 4 scrolls of teleportation {unknown}
 h - 2 scrolls of remove curse {unknown}
 l - a scroll of immolation {unknown}
 m - a scroll of fog {unknown}
 n - 3 scrolls of magic mapping {unknown}
Potions
 i - 2 potions of heal wounds {unknown}
 j - a potion of cure mutation {unknown}
Books
 c - a book of Battle

   Spells                             Type                      Level
   a - Infusion                       Charms                       1
   b - Shroud of Golubria             Charms/Translocation         2
   c - Song of Slaying                Charms                       2
   d - Spectral Weapon                Hexes/Charms                 3
   e - Regeneration                   Charms/Necromancy            3
Comestibles
 d - a bread ration
 f - a slice of pizza
 k - a meat ration


   Skills:
 - Level 2.1 Fighting
 * Level 4.5 Polearms
 - Level 0.6 Armour
 - Level 1.3 Dodging
 - Level 2.0 Spellcasting
 - Level 3.2 Charms


You had 2 spell levels left.
You knew the following spells:

 Your Spells              Type           Power        Failure   Level  Hunger
a - Infusion              Chrm           #...         12%         1    ##.....
b - Shroud of Golubria    Chrm/Tloc      #.........   30%         2    ###....


Dungeon Overview and Level Annotations

Branches:
Dungeon (1/15)

Altars:


Message History

Cast which spell? (? or * to list) Space distorts slightly along a thin shroud covering your body.
The gnoll hits you with a flail.
Your shroud falls apart!
Casting: Shroud of Golubria
Confirm with . or Enter, or press ? or * to list all spells.
You begin infusing your attacks with magical energy.
You completely miss the gnoll. The gnoll barely misses you.
You hit the gnoll.
The gnoll is moderately wounded.
The gnoll closely misses you.
You hit the gnoll.
The gnoll is severely wounded.
The gnoll hits you with a flail.
You hit the gnoll but do no damage.
The gnoll is severely wounded.
You closely miss the gnoll.
The gnoll is severely wounded.
The gnoll hits you with a flail!
You die...

###.# #.(......##..##### #..
.##.###........#.......########..
#.#.#..........#.................
#.....#.........................#
......#..........................
......#............####..........
......#........#...####..........
......#........g..>..............
......#.........@............###.
.............................# #[
.............................# #.
(............................# #.
......#......................# #.
......#.........#.############ #.
......#######...........### #.
####### #...).........# #.
#.............# #.


You could see a gnoll.

Vanquished Creatures
  A dart slug (D:1)
  2 bats (D:1)
  A giant cockroach (D:1)
  2 goblins (D:1)
  2 hobgoblins (D:1)
  A kobold (D:1)
  A giant newt (D:1)
  3 rats (D:1)
13 creatures vanquished.

Notes
Turn   | Place    | Note
--------------------------------------------------------------
     0 | D:1      | dracos369 the Merfolk Skald began the quest for the Orb.
     0 | D:1      | Reached XP level 1. HP: 16/16 MP: 3/3
   326 | D:1      | Reached skill level 4 in Polearms
   326 | D:1      | Reached XP level 2. HP: 22/22 MP: 5/5
   330 | D:1      | Learned a level 2 spell: Shroud of Golubria
   636 | D:1      | Slain by a gnoll

Skill      XL: |  1 |
---------------+----+-----
Polearms       | 4 |  4.5
Fighting       | |  2.1
Armour         | |  0.6
Dodging        | |  1.3
Spellcasting   | |  2.0
Charms         | |  3.2

Action                   || total
-------------------------++-------
Melee: Spear             ||    37
 Cast: Shroud of Golubri ||     1
       Infusion          ||     1
Armor: Leather armour    ||     4
Dodge: Dodged            ||     9
